 Dungeon Crawl Stone Soup version 0.24.0-37-gcf1ca852f1 (webtiles) character file.

Game seed: 14467944266090200825, levelgen mode: deterministic

88 Iamsoldier the Digger (level 4, 0/28 HPs)
             Began as an Octopode Earth Elementalist on Nov 27, 2019.
             Slain by a scorpion (6 damage)
             ... on level 3 of the Dungeon.
             The game lasted 00:09:11 (3375 turns).

Iamsoldier the Digger (Octopode Earth Elementalist) Turns: 3375, Time: 00:09:11

Health: 0/28       AC:  1    Str:  7    XL:     4   Next: 53%
Magic:  0/8        EV: 14    Int: 18    God:
Gold:   122        SH:  0    Dex: 12    Spells: 4/8 levels left

rFire    . . .     SeeInvis .     - Unarmed
rCold    . . .     Gourm    .   (no shield)
rNeg     . . .     Faith    .   (helmet restricted)
rPois    .         Spirit   .   (no amulet)
rElec    .         Reflect  .   (no ring)
rCorr    .         Harm     .   (no ring)
MR       .....                  (no ring)
Stlth    +++.......             (no ring)
HPRegen  0.09/turn              (no ring)
MPRegen  0.11/turn              (no ring)
                                (no ring)
                                (no ring)

@: no status effects
A: almost no armour, stealthy swim, amphibious, 8 rings, constrict 8, camouflage
1, gelatinous body 1
a: no special abilities


You were on level 3 of the Dungeon.
You were hungry.

You visited 1 branch of the dungeon, and saw 4 of its levels.

You collected 122 gold pieces.

Inventory:

Missiles
 b - 98 stones
 m - 4 poisoned darts (quivered)
Armour
 l - a +0 shield
Scrolls
 a - 3 scrolls of immolation {unknown}
 e - a scroll of fear {unknown}
 f - 3 scrolls of identify
 g - 2 scrolls of fog {unknown}
 j - a scroll of remove curse
 k - a scroll of amnesia {unknown}
Potions
 h - 2 potions of mutation {unknown}
 i - 2 potions of resistance {unknown}
Comestibles
 c - 6 rations


   Skills:
 + Level 1.3 Fighting
 + Level 2.6 Dodging
 - Level 2.6 Stealth
 - Level 1.1 Unarmed Combat
 * Level 2.9 Spellcasting
 + Level 0.4 Conjurations
   Level 1.0 Transmutations
 + Level 3.3 Earth Magic


You had 4 spell levels left.
You knew the following spells:

 Your Spells              Type           Power        Failure   Level  Hunger
a - Sandblast             Erth           ##....       4%          1    None
b - Stone Arrow           Conj/Erth      #.....       22%         3    ###....

Your spell library contained the following spells:

 Spells                   Type           Power        Failure   Level  Hunger
 Passwall                 Tmut/Erth      ##......     10%         2    ##.....
 Petrify                  Tmut/Erth      ##......     54%         4    ####...
 Lee's Rapid Deconstruct  Erth           ##........   75%         5    ######.


Dungeon Overview and Level Annotations

Branches:
Dungeon (4/15)
 Temple: D:4-7

Altars:


Innate Abilities, Weirdness & Mutations

You cannot wear most types of armour.
You are very stealthy in the water. (Stealth+)
You are amphibious.
You can wear up to eight rings at the same time.
You can use your tentacles to constrict eight enemies at once.
Your skin changes colour to match your surroundings (Stealth+).
Your rubbery body absorbs attacks. (AC +1, EV +1)


Message History

Casting: Sandblast (safe; 4% risk of failure)
Confirm with . or Enter, or press ? or * to list all spells.
Aiming: Sandblast (safe; 4% risk of failure)
Press: ? - help, Shift-Dir - straight line, f/p - scorpion
Aim: a scorpion (severely wounded)
The blast of sand hits the scorpion but does no damage.
The scorpion is severely wounded.
b - 99 stones The scorpion stings you.
* * * LOW HITPOINT WARNING * * *
Casting: Sandblast (safe; 4% risk of failure)
Confirm with . or Enter, or press ? or * to list all spells.
Aiming: Sandblast (safe; 4% risk of failure)
Press: ? - help, Shift-Dir - straight line, f/p - scorpion
Aim: a scorpion (severely wounded)
The blast of sand hits the scorpion.
The scorpion is almost dead.
b - 98 stones The scorpion stings you.
You die...

#..#.#.#.#.#####.##.....#
#..#.##.##.#####.###.####
#..#.##.##...........#
#..................###
##.#############..## #.#
#..# #.# #..#
#.#############..#
#......s@........#
#.#############.##
#.######## #.# #........#
#.# ######.#.# #.# ##.#.#
#.# ###.#..# #.# #..###.#
#.######### #.#.#..#
#..........


You could see a scorpion.

Vanquished Creatures
  2 adders (D:3)
  A worm (D:2)
  3 dart slugs
  5 leopard geckos (D:2)
  4 bats
  2 giant cockroaches
  4 goblins (D:1)
  8 hobgoblins
  A quokka (D:3)
  A ball python (D:1)
  5 frilled lizards
  11 kobolds
  8 rats
55 creatures vanquished.

Notes
Turn   | Place    | Note
-------+----------+-------------------------------------------
     0 | D:1      | Iamsoldier the Octopode Earth Elementalist began the quest
                  | for the Orb.
     0 | D:1      | Reached XP level 1. HP: 11/11 MP: 3/3
   281 | D:1      | Reached XP level 2. HP: 13/18 MP: 5/5
   885 | D:1      | Reached skill level 1 in Unarmed Combat
   891 | D:1      | Reached XP level 3. HP: 22/22 MP: 4/6
  1521 | D:2      | Reached skill level 1 in Fighting
  1977 | D:2      | Learned a level 3 spell: Stone Arrow
  2094 | D:2      | Reached XP level 4. HP: 19/28 MP: 0/8
  3375 | D:3      | Slain by a scorpion

Levels and vault maps discovered:
D:1:      kennysheep_arrival_seaside, layout_loops_cross
D:2:      layout_basic, hex_large, skrybe_limestone_x
D:3:      layout_loops_ring, palyth_stone_intersect
D:4:      layout_basic, first_ration

Skill      XL: |  1  2  3 |
---------------+----------+-----
Unarmed Combat | 1 |  1.1
Fighting       | 1 |  1.3
Dodging        | |  2.6
Stealth        | |  2.6
Spellcasting   | |  2.9
Conjurations   | |  0.4
Transmutations | |  1.0
Earth Magic    | |  3.3

Action                   |  1- 3 |  4- 6 || total
-------------------------+-------+-------++-------
Melee: Unarmed           |    86 |    24 ||   110
       Tentacles         |    19 |     3 ||    22
       Constrict         |    30 |     8 ||    38
 Cast: Sandblast         |    17 |    25 ||    42
  Use: Scroll            |     3 |       ||     3
       Potion            |       |     2 ||     2
 Stab: Sleeping          |     7 |     3 ||    10
  Eat: Chunk             |     4 |     3 ||     7
Armor: Skin              |     4 |     2 ||     6
Dodge: Dodged            |    57 |    20 ||    77
